cohdb
Replays
Latest Replays
All Replays
Popular Replays
Top Player Replays
Match Explorer
How It Works
Community
CoH3 Stats
Reddit
Sign in to upload your games and track your stats! →
Sign in with Steam
Match 46648913
Unlisted
Match 46648913
Overview
Messages
Build Orders
End
Construct Section Command Post
Infantry Section
Infantry Section
Dingo Light Scout Car
Infantry Section
Construct Field Infirmary
Selects Canadian Shock Battlegroup
Selects Offensive Resupply
Selects Incendiary Munitions
Construct Platoon Command Post
6-pounder Anti-tank Gun Team
Grenade Package
Selects Canadian Shock Section
Selects Pyrotechnics
Canadian Shock Section
6-pounder Anti-tank Gun Team
Infantry Training
Selects Demolition Engineering
Vickers Machine Gun Team
6-pounder Anti-tank Gun Team
6-pounder Anti-tank Gun Team
_
Orzeuł ttv/masny226
0
0
Comments
sign in to comment!
No comments posted yet!